[Event "Titled Tuesday Blitz April 25 Early 2023"]
[White "Rosenberg, Evan S"]
[Black "Shevtchenko, Olesya"]
[WhiteFideId "2019299"]
[BlackFideId "24131890"]
[WhiteElo "2274"]
[BlackElo "2003"]
[Result "1/2-1/2"]
[Round "03"]
[TimeControl "180+2"]
[Date "2023.04.25"]
[WhiteClock "0:00:04"]
[BlackClock "0:00:13"]

1. d4 Nf6 2. Nf3 d5 3. c4 e6 4. g3 dxc4 5. Bg2 Nc6 6. O-O Rb8 7. a4 Na5 8. Nbd2 Bb4 9. e3 c5 10. Qc2 Bxd2 11. Nxd2 cxd4 12. Nxc4 O-O 13. exd4 Bd7 14. Ne5 Rc8 15. Qd3 Nc6 16. Bg5 Be8 17. Nxc6 Bxc6 18. Bxc6 Rxc6 19. Qf3 Qxd4 20. Rfd1 Qe4 21. Qb3 Rb6 22. Qc3 Nd5 23. Qc5 Rxb2 24. Qxa7 h6 25. Be3 Rc8 26. Qd4 Qxd4 27. Bxd4 Rb4 28. a5 Ra8 29. Be5 Rb5 30. Rdb1 Raxa5 31. Rxb5 Rxb5 32. Ra8+ Kh7 33. Rb8 h5 34. h4 f6 35. Bd4 Rb1+ 36. Kg2 b5 37. Rb7 b4 38. Kf3 b3 39. Ke4 Kg6 40. f4 Re1+ 41. Kd3 Rd1+ 42. Ke4 Rb1 43. f5+ exf5+ 44. Kxd5 f4 45. gxf4 Kf5 46. Rxg7 Rd1 47. Rb7 Kxf4 48. Rxb3 Kg4 49. Kc4 f5 50. Re3 Kxh4 51. Rf3 Kg4 52. Rf2 f4 53. Rg2+ Kf3 54. Rg5 h4 55. Rh5 Kg4 56. Rh8 h3 57. Rg8+ Kf3 58. Rh8 Kg3 59. Rg8+ Kf3 60. Rh8 Kg2 61. Rg8+ Kh2 62. Be5 Rf1 63. Kd3 Kh1 64. Ke2 Rg1 65. Rxg1+ Kxg1 66. Bxf4 Kg2 67. Be5 Kg1 68. Bf4 Kg2 69. Be5 h2 70. Bxh2 1/2-1/2


[Site "https://www.chess.com"]

[Event "Titled Tuesday Blitz April 25 Early 2023"]
[White "Sliwicka, Alicja"]
[Black "Cesar Maestre, Bernardo"]
[WhiteFideId "1150677"]
[BlackFideId "24542547"]
[WhiteElo "2206"]
[BlackElo "2271"]
[Result "1-0"]
[Round "03"]
[TimeControl "180+2"]
[Date "2023.04.25"]
[WhiteClock "0:01:42"]
[BlackClock "0:01:40"]

1. e4 c6 2. d4 d5 3. e5 c5 4. dxc5 Nc6 5. Nf3 Bg4 6. c3 e6 7. Be3 Nxe5 8. Qa4+ Nc6 9. Qxg4 e5 10. Bb5 f6 11. Qe6+ Ne7 12. O-O a6 13. Ba4 Rc8 14. Rd1 Qa5 15. b3 Rd8 16. Nh4 1-0


[Site "https://www.chess.com"]

[Event "Titled Tuesday Blitz April 25 Early 2023"]
[White "Grossboss19"]
[Black "Martic, Ivan"]
[BlackFideId "929301"]
[WhiteElo "2268"]
[BlackElo "2360"]
[Result "0-1"]
[Round "03"]
[TimeControl "180+2"]
[Date "2023.04.25"]
[WhiteClock "0:00:01"]
[BlackClock "0:01:16"]

1. e4 c6 2. Nc3 d5 3. Nf3 Bg4 4. d3 e6 5. h3 Bh5 6. Bf4 Nd7 7. Be2 Ngf6 8. Nd2 Bxe2 9. Qxe2 Bb4 10. a3 Be7 11. g4 e5 12. Bg3 d4 13. Nd1 O-O 14. f4 exf4 15. Bxf4 Re8 16. g5 Nd5 17. Bg3 Bxg5 18. Nf3 Bf4 19. Qh2 Qf6 20. Bxf4 Nxf4 21. Rf1 Ne5 22. Nxe5 Qh4+ 23. Kd2 Nxh3 24. Nf3 Qh6+ 25. Ke2 f5 26. Nf2 fxe4 27. Nxe4 Qe3+ 28. Kd1 Nf4 29. Qd2 Nd5 30. Rf2 c5 31. Qxe3 Nxe3+ 32. Kd2 b6 33. Rg1 Rf8 34. Ke2 Rae8 0-1


[Site "https://www.chess.com"]

[Event "Titled Tuesday Blitz April 25 Early 2023"]
[White "Bekkedahl, Zachary"]
[Black "Fiorito, Francisco"]
[WhiteFideId "2069156"]
[BlackFideId "180165"]
[WhiteElo "1943"]
[BlackElo "2341"]
[Result "1-0"]
[Round "03"]
[TimeControl "180+2"]
[Date "2023.04.25"]
[WhiteClock "0:00:17"]
[BlackClock "0:00:01"]

1. e4 c5 2. Nf3 Nc6 3. Bb5 g6 4. O-O Bg7 5. c3 Nf6 6. Re1 O-O 7. d4 d5 8. e5 Ne4 9. Nbd2 Nxd2 10. Bxd2 Qb6 11. Qb3 c4 12. Qa4 Nb8 13. b3 a6 14. bxc4 axb5 15. Qxa8 Na6 16. cxb5 Bg4 17. Qxf8+ Bxf8 18. bxa6 Qxa6 19. Rab1 Bxf3 20. gxf3 Qxa2 21. Be3 Qa6 22. Rb2 Qc6 23. Rb3 Kg7 24. Reb1 h6 25. Rxb7 Qxc3 26. Rb8 Qc2 27. Rc1 Qf5 28. Rcc8 Qxf3 29. h3 Qxh3 30. Rxf8 Qg4+ 31. Kh2 Qh4+ 32. Kg2 Qg4+ 33. Kf1 Qd1+ 34. Kg2 Qg4+ 35. Kh2 g5 36. Rg8+ Kh7 37. Rgf8 Qh4+ 38. Kg2 Qg4+ 39. Kh2 Kg6 40. Rb6+ e6 41. Rb7 Qh4+ 42. Kg2 Kf5 43. Rbxf7+ Ke4 44. Rf3 Qg4+ 45. Rg3 Qh4 46. Rf6 g4 47. Rxh6 Qd8 48. Rg6 Kd3 49. R6xg4 Ke2 50. Bg5 Qa5 51. Re3+ Kd1 52. Rh4 Qa6 53. Rh1+ Kc2 54. Rhe1 Qc8 55. R1e2+ Kb1 56. Rd3 Qc1 57. Bxc1 1-0


[Site "https://www.chess.com"]

[Event "Titled Tuesday Blitz April 25 Early 2023"]
[White "Hirneise, Jens"]
[Black "Jiganchine, Roman"]
[WhiteFideId "24614734"]
[BlackFideId "2603667"]
[WhiteElo "2345"]
[BlackElo "2264"]
[Result "1-0"]
[Round "03"]
[TimeControl "180+2"]
[Date "2023.04.25"]
[WhiteClock "0:01:03"]
[BlackClock "0:00:04"]

1. e4 c6 2. Nc3 d5 3. Qe2 dxe4 4. Nxe4 Bf5 5. d3 e6 6. g3 Nf6 7. Bg2 Nbd7 8. Nf3 Qa5+ 9. c3 Be7 10. O-O h6 11. Re1 O-O 12. h3 Bh7 13. Kh2 Rfe8 14. Bf4 Nd5 15. Bd2 Qb6 16. b4 a5 17. a3 Qa6 18. c4 N5f6 19. Bc3 Rad8 20. Rab1 Nxe4 21. dxe4 Nf6 22. Nd2 Nd7 23. b5 Qa7 24. bxc6 bxc6 25. Nb3 a4 26. Na5 Qc5 27. Nb7 Qg5 28. h4 Qg6 29. Nxd8 Bxd8 30. h5 Qg5 31. f4 Qe7 32. Bb4 c5 33. Bc3 Qd6 34. Red1 Qa6 35. Qd3 Nf6 36. Qxd8 Qxc4 37. Bxf6 Bxe4 38. Qxe8+ Kh7 39. Qxf7 1-0


[Site "https://www.chess.com"]

[Event "Titled Tuesday Blitz April 25 Early 2023"]
[White "Shtivelband, Richard"]
[Black "Gontcharov, Vladislav"]
[WhiteFideId "2017342"]
[BlackFideId "4123492"]
[WhiteElo "2261"]
[BlackElo "2420"]
[Result "0-1"]
[Round "03"]
[TimeControl "180+2"]
[Date "2023.04.25"]
[WhiteClock "0:01:15"]
[BlackClock "0:00:53"]

1. d4 Nf6 2. c4 c5 3. d5 e6 4. Nc3 exd5 5. cxd5 d6 6. f3 g6 7. Bf4 a6 8. a4 Bg7 9. Qd2 O-O 10. e4 Re8 11. Bd3 Qe7 12. Nge2 Nbd7 13. O-O Ne5 14. a5 Nxd3 15. Qxd3 Nd7 16. Rae1 Rb8 17. g4 b6 18. axb6 Rxb6 19. Qc2 a5 20. Bg3 Ba6 21. Ra1 Ne5 22. Rxa5 Bd3 23. Qa4 Rxb2 24. Ra7 Qd8 25. Nf4 Bxf1 26. Kxf1 Nxf3 27. Nb5 Nd2+ 28. Kg1 Nxe4 29. Nc7 Bd4+ 30. Kh1 Nxg3+ 31. hxg3 Re1# 0-1


[Site "https://www.chess.com"]

[Event "Titled Tuesday Blitz April 25 Early 2023"]
[White "Toropov, Pavel"]
[Black "Smith, Garrett L"]
[WhiteFideId "24129178"]
[BlackFideId "2024829"]
[WhiteElo "2182"]
[BlackElo "2258"]
[Result "1-0"]
[Round "03"]
[TimeControl "180+2"]
[Date "2023.04.25"]
[WhiteClock "0:02:09"]
[BlackClock "0:00:54"]

1. e4 c5 2. Nf3 Nc6 3. Bb5 e6 4. Bxc6 bxc6 5. e5 f6 6. d3 fxe5 7. Nxe5 Nf6 8. O-O d6 9. Nc4 Be7 10. f4 O-O 11. Nc3 Nd5 12. Qe2 Bf6 13. Bd2 Rb8 14. Rae1 Re8 15. Ne4 Be7 16. b3 Nf6 17. Ng5 Bf8 18. Bc3 h6 19. Nf3 Nd5 20. Bb2 Nxf4 21. Qf2 e5 22. Nfxe5 dxe5 23. Bxe5 Rxe5 24. Nxe5 1-0


[Site "https://www.chess.com"]

[Event "Titled Tuesday Blitz April 25 Early 2023"]
[White "Lund, Gunnar"]
[Black "Chakravarthi Reddy, M"]
[WhiteFideId "1520814"]
[BlackFideId "25009532"]
[WhiteElo "2233"]
[BlackElo "2201"]
[Result "1-0"]
[Round "03"]
[TimeControl "180+2"]
[Date "2023.04.25"]
[WhiteClock "0:01:36"]
[BlackClock "0:00:12"]

1. d4 d5 2. Bf4 c5 3. e3 Nf6 4. c3 Qb6 5. Qb3 c4 6. Qc2 Nc6 7. Nd2 Nh5 8. Bg5 h6 9. Bh4 e5 10. Be2 Nf6 11. dxe5 Nxe5 12. Ngf3 Bd6 13. Bxf6 gxf6 14. O-O Rg8 15. Kh1 Ng4 16. h3 h5 17. b3 cxb3 18. axb3 Bg3 19. fxg3 Nxe3 20. Qh7 Rxg3 21. Rfe1 Nc2 22. Bb5+ Kd8 23. Re8+ Kc7 24. Qxf7+ Kd6 25. Qe7# 1-0


[Site "https://www.chess.com"]

[Event "Titled Tuesday Blitz April 25 Early 2023"]
[White "Stanisz, Patryk"]
[Black "MKlose11"]
[WhiteFideId "1123106"]
[WhiteElo "2069"]
[BlackElo "2545"]
[Result "1-0"]
[Round "03"]
[TimeControl "180+2"]
[Date "2023.04.25"]
[WhiteClock "0:00:20"]
[BlackClock "0:00:32"]

1. d4 Nf6 2. c4 c5 3. Nf3 cxd4 4. Nxd4 Nc6 5. Nc3 d6 6. e4 g6 7. Be2 Bg7 8. Be3 O-O 9. O-O Bd7 10. Qd2 Re8 11. f3 a5 12. Rfd1 Nxd4 13. Bxd4 Bc6 14. Bf1 Nd7 15. Be3 Nc5 16. Qf2 Qb6 17. Rab1 a4 18. Rdc1 Qb4 19. Bd2 Qb6 20. Be3 Qa5 21. Bd2 Qd8 22. b4 axb3 23. axb3 Ra3 24. b4 Ne6 25. Kh1 Nd4 26. b5 Bd7 27. Nd5 Nb3 28. Bb4 Bd4 29. Qc2 Na1 30. Qd1 Qa8 31. Bxa3 Qxa3 32. Qxd4 Nb3 33. Qc3 h5 34. Qxb3 Qc5 35. Qe3 Qc8 36. c5 Qa8 37. Nc7 Qa3 38. Qxa3 1-0


[Site "https://www.chess.com"]

[Event "Titled Tuesday Blitz April 25 Early 2023"]
[White "Al-Tarboush, Ward"]
[Black "Putri, Regita Desyari"]
[WhiteFideId "7601450"]
[BlackFideId "7109083"]
[WhiteElo "2265"]
[BlackElo "1930"]
[Result "1-0"]
[Round "03"]
[TimeControl "180+2"]
[Date "2023.04.25"]
[WhiteClock "0:00:20"]
[BlackClock "0:00:01"]

1. e4 e5 2. Nf3 Nc6 3. Bb5 a6 4. Ba4 Nf6 5. O-O Be7 6. d3 b5 7. Bb3 O-O 8. Nc3 d6 9. a3 Bg4 10. Be3 Rb8 11. h3 Bh5 12. Re1 Nd4 13. Bxd4 exd4 14. Nd5 c6 15. Nxf6+ Bxf6 16. g4 Bg6 17. Nd2 Bg5 18. Nf3 Bf6 19. Qd2 c5 20. Bd5 h6 21. Qf4 Re8 22. b3 Be5 23. Nxe5 dxe5 24. Qg3 Qg5 25. h4 Qf6 26. g5 hxg5 27. hxg5 Qf4 28. Kg2 Qxg3+ 29. Kxg3 Kf8 30. f4 exf4+ 31. Kxf4 Ke7 32. a4 b4 33. a5 Rh8 34. Rh1 Rxh1 35. Rxh1 Rb5 36. Ra1 Rb8 37. Bc4 Ra8 38. Rh1 Kd7 39. e5 Ke7 40. Bd5 Rd8 41. Bc4 Rb8 42. Bxa6 Ra8 43. Bb5 Rxa5 44. Ba4 Ra8 45. Bc6 Rc8 46. Bb5 Rb8 47. Ba4 Ra8 48. Rh2 Rb8 49. Re2 Ra8 50. Bc6 Rc8 51. Bd5 Rd8 52. Bc4 Rh8 53. e6 f6 54. gxf6+ gxf6 55. Rg2 Rh4+ 56. Kg3 Rh6 57. Kf2 f5 58. Rg1 Kf6 59. Re1 Ke7 60. Ra1 Rh2+ 61. Kg3 Rxc2 62. Ra7+ Kf6 63. Ra6 Ke7 64. Kf4 Rf2+ 65. Ke5 Re2+ 66. Kd5 f4 67. Ra7+ Kf6 68. Ra8 Kg5 69. Rf8 Bf5 70. Kd6 f3 71. Rg8+ Bg6 72. Bd5 f2 73. Bg2 Re1 74. e7 Kf6 75. Rf8+ Bf7 76. Bd5 Rxe7 77. Bg2 Re1 78. Bd5 Re7 79. Bg2 Kg7 80. Kxe7 Bxb3 81. Rxf2 Bg8 82. Be4 1-0


[Site "https://www.chess.com"]

[Event "Titled Tuesday Blitz April 25 Early 2023"]
[White "Weishaeutel, Moritz"]
[Black "Ciuffoletti, Paolo"]
[WhiteFideId "12967300"]
[BlackFideId "807630"]
[WhiteElo "2301"]
[BlackElo "2143"]
[Result "1-0"]
[Round "03"]
[TimeControl "180+2"]
[Date "2023.04.25"]
[WhiteClock "0:01:06"]
[BlackClock "0:00:02"]

1. e4 c5 2. b4 cxb4 3. a3 d5 4. exd5 Nf6 5. axb4 Nxd5 6. b5 e5 7. d3 Bd6 8. Nf3 O-O 9. Be2 h6 10. O-O Be6 11. Bb2 Nd7 12. Nbd2 Nf4 13. Ne4 Bc7 14. Ba3 f5 15. Nd6 Qb8 16. Nc4 Bxc4 17. Bxf8 Nxf8 18. dxc4 e4 19. Nd4 Nxe2+ 20. Qxe2 Bxh2+ 21. Kh1 Be5 22. c3 Qd8 23. Nxf5 Qg5 24. f4 exf3 25. Qxf3 Ng6 26. Rae1 Rf8 27. Qd5+ Kh7 28. Rxe5 1-0


[Site "https://www.chess.com"]

[Event "Titled Tuesday Blitz April 25 Early 2023"]
[White "Tarnowska, Aleksandra"]
[Black "Elgersma, Onno"]
[WhiteFideId "1180967"]
[BlackFideId "1053531"]
[WhiteElo "1776"]
[BlackElo "2252"]
[Result "0-1"]
[Round "03"]
[TimeControl "180+2"]
[Date "2023.04.25"]
[WhiteClock "0:00:02"]
[BlackClock "0:00:22"]

1. e4 c6 2. d4 d5 3. Nc3 dxe4 4. Nxe4 Nf6 5. Nxf6+ exf6 6. Nf3 Bd6 7. Be3 O-O 8. Qd2 Re8 9. O-O-O Be6 10. Kb1 b5 11. Bd3 Nd7 12. Nh4 Nb6 13. Nf5 a5 14. h4 a4 15. Rh3 Bf8 16. Rg3 Qd5 17. c4 Nxc4 18. Bxc4 Qxc4 19. Nxg7 Bxg7 20. Bh6 Qxa2+ 21. Kc1 Qa1+ 22. Kc2 Bf5+ 23. Kc3 b4+ 24. Kc4 Qa2+ 25. b3 Be6+ 26. d5 Bxd5+ 27. Kd4 Re4+ 28. Kc5 Ra5+ 29. Kb6 Rb5+ 30. Kc7 Re7+ 31. Kd8 Qxd2 32. Rxg7+ Kh8 33. Rxd2 Ra7 34. Kc8 Be6+ 35. Kd8 Rb8# 0-1


[Site "https://www.chess.com"]

[Event "Titled Tuesday Blitz April 25 Early 2023"]
[White "Sailer, Mike"]
[Black "Sadovsky, Artem"]
[WhiteFideId "2012901"]
[BlackFideId "4155840"]
[WhiteElo "2109"]
[BlackElo "2314"]
[Result "1-0"]
[Round "03"]
[TimeControl "180+2"]
[Date "2023.04.25"]
[WhiteClock "0:00:26"]
[BlackClock "0:00:02"]

1. d4 g6 2. Nf3 Bg7 3. Bf4 d6 4. e3 Nd7 5. Be2 e5 6. Bg5 f6 7. Bh4 e4 8. Nfd2 d5 9. c4 c6 10. Nc3 Nb6 11. cxd5 cxd5 12. Qb3 Be6 13. Ndxe4 dxe4 14. Qxe6+ Qe7 15. Qxe7+ Nxe7 16. Nxe4 O-O 17. Rc1 Ned5 18. a3 Rac8 19. Kd2 Rfd8 20. Rxc8 Rxc8 21. Rc1 Rxc1 22. Kxc1 f5 23. Nc5 f4 24. Bg5 h6 25. Bxf4 Nxf4 26. exf4 Bxd4 27. Nxb7 Bxf2 28. Nd8 Be3+ 29. Kc2 Bxf4 30. h3 Bd6 31. b4 Nd7 32. Nc6 Ne5 33. Nxa7 g5 34. Bb5 Bb8 35. Nc6 Nxc6 36. Bxc6 Kf7 37. Kc3 1-0


[Site "https://www.chess.com"]

[Event "Titled Tuesday Blitz April 25 Early 2023"]
[White "Leenhouts, Koen"]
[Black "GregLeBarbare"]
[WhiteFideId "1008439"]
[WhiteElo "2409"]
[BlackElo "2171"]
[Result "1-0"]
[Round "03"]
[TimeControl "180+2"]
[Date "2023.04.25"]
[WhiteClock "0:00:25"]
[BlackClock "0:00:22"]

1. e4 e6 2. d4 d5 3. Nc3 Bb4 4. exd5 exd5 5. Bd3 Nc6 6. Ne2 Nge7 7. O-O Bf5 8. a3 Bxc3 9. bxc3 Bxd3 10. Qxd3 O-O 11. a4 Qd7 12. a5 a6 13. Bf4 Nf5 14. Rfb1 Rab8 15. Bxc7 Qxc7 16. Qxf5 Rfd8 17. Qf4 Qd7 18. Ng3 Re8 19. Nf5 Re6 20. Ne3 Rbe8 21. h3 R8e7 22. Qf3 Rg6 23. Nxd5 Ree6 24. Re1 Rd6 25. Nb6 Qd8 26. Nc4 Rdf6 27. Qd5 Qc8 28. Nb6 Qf8 29. Qd7 Re6 30. Rxe6 Rxe6 31. d5 Rd6 32. dxc6 Rxd7 33. cxd7 Qd8 34. Re1 1-0


[Site "https://www.chess.com"]

[Event "Titled Tuesday Blitz April 25 Early 2023"]
[White "Christensen, Thomas"]
[Black "Bosnjak, Petar"]
[WhiteFideId "1403532"]
[BlackFideId "14532581"]
[WhiteElo "2177"]
[BlackElo "2227"]
[Result "0-1"]
[Round "03"]
[TimeControl "180+2"]
[Date "2023.04.25"]
[WhiteClock "0:00:03"]
[BlackClock "0:00:37"]

1. d4 d5 2. e4 dxe4 3. Nc3 Nf6 4. f3 exf3 5. Nxf3 Bf5 6. Ne5 e6 7. Qf3 c6 8. Bc4 Bg6 9. Nxg6 hxg6 10. Be3 Qc7 11. O-O-O Nbd7 12. h3 Bb4 13. Bf4 Bd6 14. Bxd6 Qxd6 15. g4 g5 16. Rhf1 O-O-O 17. Ne4 Nxe4 18. Qxe4 Nf6 19. Qe5 b5 20. Be2 Rxh3 21. Qxg5 Ne4 22. Qxg7 Ng3 23. Rf2 Nxe2+ 24. Rxe2 Qf4+ 25. Kb1 Qxd4 26. Qxd4 Rxd4 27. Rf1 Rf3 28. Rh1 Rxg4 29. b3 Kc7 30. Rh8 b4 31. Rd2 Rg1+ 32. Kb2 Rff1 33. c4 Rb1+ 34. Kc2 Rgc1+ 35. Kd3 Rd1 36. Re8 Rxd2+ 37. Kxd2 Rf1 38. Re7+ Kb6 39. c5+ Kxc5 40. Rxa7 e5 41. Re7 Kd6 42. Rb7 c5 43. Kd3 f5 44. Kc4 Rc1+ 45. Kb5 f4 46. Rb8 f3 47. Rd8+ Ke6 48. Re8+ Kd5 49. Rd8+ Ke4 50. Rf8 Ke3 51. Kc6 e4 0-1


[Site "https://www.chess.com"]

[Event "Titled Tuesday Blitz April 25 Early 2023"]
[White "Wimalasuriya, Kasun M."]
[Black "Vovk, Orest"]
[WhiteFideId "9906789"]
[BlackFideId "14113490"]
[WhiteElo "2158"]
[BlackElo "2215"]
[Result "0-1"]
[Round "03"]
[TimeControl "180+2"]
[Date "2023.04.25"]
[WhiteClock "0:01:41"]
[BlackClock "0:01:38"]

1. d4 e5 2. dxe5 Nc6 3. Nf3 Qe7 4. Qd5 h6 5. c3 g5 6. h4 g4 7. Nfd2 Nxe5 8. Nc4 Bg7 9. Nxe5 Bxe5 10. g3 Nf6 11. Qd3 d5 12. Bg2 c6 13. Nd2 b6 14. O-O a5 15. Re1 Ba6 16. Qc2 O-O-O 17. e4 d4 18. cxd4 Bxd4 19. Qxc6+ Qc7 20. Qa4 Qxg3 21. Qxd4 Qxg2+ 22. Kxg2 Rxd4 23. e5 Nd5 24. Nb3 Nf4+ 25. Kg3 Nh5+ 26. Kg2 Bb7+ 27. Kg1 Rd3 28. Be3 g3 29. Rac1+ Kb8 30. Bxb6 Rf3 31. Rc3 gxf2+ 32. Bxf2 Rg8+ 33. Kf1 Ba6+ 34. Re2 Ng3+ 35. Kg2 Rxc3 0-1


[Site "https://www.chess.com"]

[Event "Titled Tuesday Blitz April 25 Early 2023"]
[White "Sharapov, Evgeny"]
[Black "Hartikainen, Jarmo"]
[WhiteFideId "14103133"]
[BlackFideId "503134"]
[WhiteElo "2367"]
[BlackElo "2153"]
[Result "1-0"]
[Round "03"]
[TimeControl "180+2"]
[Date "2023.04.25"]
[WhiteClock "0:02:06"]
[BlackClock "0:01:02"]

1. e4 c5 2. Nf3 Nc6 3. d4 cxd4 4. Nxd4 Nf6 5. Nc3 d6 6. g3 g6 7. Nde2 Bg7 8. Bg2 O-O 9. O-O e5 10. Nb5 d5 11. exd5 Nb4 12. Bg5 a6 13. Nbc3 Bf5 14. Rc1 a5 15. a3 Na6 16. d6 Nc5 17. Nd5 Qxd6 18. Nxf6+ Qxf6 19. Bxf6 Bxf6 20. Nc3 Rad8 21. Qe2 e4 22. Rcd1 Bxc3 23. bxc3 Na4 24. Rxd8 Rxd8 25. Qc4 b5 26. Qxb5 Nxc3 27. Qxa5 Ne2+ 28. Kh1 1-0


[Site "https://www.chess.com"]

[Event "Titled Tuesday Blitz April 25 Early 2023"]
[White "Aung Thant Zin"]
[Black "Herman, Daniel"]
[WhiteFideId "13000063"]
[BlackFideId "30935008"]
[WhiteElo "2278"]
[BlackElo "1897"]
[Result "1/2-1/2"]
[Round "03"]
[TimeControl "180+2"]
[Date "2023.04.25"]
[WhiteClock "0:00:09"]
[BlackClock "0:00:10"]

1. e4 Nf6 2. e5 Nd5 3. Nc3 e6 4. Nf3 d6 5. d4 dxe5 6. Nxe5 Nd7 7. Nxd7 Bxd7 8. Be2 Bd6 9. O-O O-O 10. Bf3 Bc6 11. Ne4 Be7 12. c4 Nf6 13. Nxf6+ Bxf6 14. Be3 Bxf3 15. Qxf3 c6 16. Rfd1 Qa5 17. b3 Rad8 18. Rd2 Rd7 19. Rad1 Rfd8 20. g3 Be7 21. Qe2 Bb4 22. Rd3 Qf5 23. Bc1 Be7 24. Kg2 Bf6 25. Be3 c5 26. d5 exd5 27. Rxd5 Rxd5 28. cxd5 Rxd5 29. Bxc5 Re5 30. Be3 h5 31. Qf3 Qxf3+ 32. Kxf3 Ra5 33. a4 b6 34. Rd7 g6 35. h4 Be5 36. Ke4 Bf6 37. f4 Kg7 38. Rb7 Bc3 39. Bd4+ Bxd4 40. Kxd4 Kf6 41. Kc4 Kf5 42. Rxf7+ Kg4 43. Rg7 Kxg3 44. Rxg6+ Kxf4 45. Rg7 Rc5+ 46. Kd4 Ra5 47. Rf7+ Kg4 48. Rh7 Kxh4 49. Ke3 Kg3 50. b4 Rxa4 51. Rxh5 Ra3+ 52. Kd4 Ra4 53. Kc3 Ra3+ 54. Kc4 Rf3 55. b5 Rf4+ 56. Kd5 Kf2 57. Kc6 Rc4+ 58. Kb7 Rc5 59. Rxc5 bxc5 60. Kxa7 c4 61. b6 c3 62. b7 c2 63. b8=Q c1=Q 64. Qb6+ Qe3 65. Qxe3+ Kxe3 1/2-1/2


[Site "https://www.chess.com"]

[Event "Titled Tuesday Blitz April 25 Early 2023"]
[White "White, John S."]
[Black "Kleiman, Jake"]
[WhiteFideId "2502348"]
[BlackFideId "2020041"]
[WhiteElo "1987"]
[BlackElo "2526"]
[Result "1/2-1/2"]
[Round "03"]
[TimeControl "180+2"]
[Date "2023.04.25"]
[WhiteClock "0:00:14"]
[BlackClock "0:00:03"]

1. e4 e5 2. Nf3 Nc6 3. d4 exd4 4. Nxd4 Bb4+ 5. c3 Bc5 6. Be3 Bb6 7. Bc4 Nf6 8. f3 O-O 9. O-O Re8 10. Qd2 d5 11. Nxc6 bxc6 12. Bxb6 axb6 13. exd5 cxd5 14. Bb5 Bd7 15. Bxd7 Qxd7 16. Na3 c5 17. Rad1 Qc6 18. Rfe1 h6 19. Rxe8+ Qxe8 20. Re1 Qc6 21. Re7 Qa4 22. Qe2 Rb8 23. Qc2 Qa6 24. Qb3 Qd3 25. Nc2 c4 26. Qa4 b5 27. Qa7 Rf8 28. Qf2 Re8 29. Rxe8+ Nxe8 30. Qe3 Qxc2 31. Qxe8+ Kh7 32. Qxf7 Qc1+ 33. Kf2 Qxb2+ 34. Kg3 Qxc3 35. Qxd5 Qb2 36. Qf5+ Kg8 37. Qc8+ Kf7 38. Qd7+ Kg6 39. Qe6+ Qf6 40. Qe4+ Kf7 41. Qb7+ Qe7 42. Qxb5 Qc7+ 43. Kh3 c3 44. Qb3+ Kf6 45. Qc2 Qc4 46. a4 Qb4 47. Kg3 Qb8+ 48. Kh3 Qb2 49. Qd1 c2 50. Qd6+ Kf7 51. Qd7+ Kg6 52. Qe6+ Kh7 53. Qf5+ Kg8 54. Qc8+ Kf7 55. Qd7+ Kf6 56. Qd6+ Kf7 57. Qd7+ 1/2-1/2


[Site "https://www.chess.com"]

[Event "Titled Tuesday Blitz April 25 Early 2023"]
[White "Prado, Alexandra"]
[Black "Postnikov, Daniil"]
[WhiteFideId "3301346"]
[BlackFideId "4166329"]
[WhiteElo "1759"]
[BlackElo "2261"]
[Result "0-1"]
[Round "03"]
[TimeControl "180+2"]
[Date "2023.04.25"]
[WhiteClock "0:00:02"]
[BlackClock "0:00:39"]

1. e4 e6 2. Nf3 d5 3. e5 c5 4. b4 cxb4 5. d4 Nc6 6. a3 Qa5 7. Bd2 bxa3 8. Bxa5 Nxa5 9. Bb5+ Kd8 10. O-O b6 11. Nxa3 h6 12. c4 Bxa3 13. Rxa3 Nxc4 14. Bxc4 dxc4 15. Qa4 Ne7 16. Qxc4 Bb7 17. Nd2 Kd7 18. Qb5+ Bc6 19. Qb4 Rhd8 20. Rfa1 a5 21. Qxb6 a4 22. h3 Ke8 23. Nc4 Kf8 24. Nd6 Rdb8 25. Qc5 Kg8 26. f4 Ra6 27. g4 Nd5 28. f5 Bd7 29. fxe6 Bxe6 30. Qc4 Rab6 31. Qxa4 f6 32. Nc4 Rb4 33. Qc2 Nf4 34. Ra8 Bd5 35. Rxb8+ Rxb8 36. exf6 Rf8 37. fxg7 Nxh3+ 38. Kh2 Rf2+ 39. Qxf2 Nxf2 40. Ne5 Ne4 41. Ra7 Be6 42. Ng6 Bxg4 43. Ne7+ Kxg7 44. d5 Kf6 45. Nc6 h5 0-1


[Site "https://www.chess.com"]

[Event "Titled Tuesday Blitz April 25 Early 2023"]
[White "Halkias, Stelios"]
[Black "Butolo, Alexandru-Mircea"]
[WhiteFideId "4201809"]
[BlackFideId "1261649"]
[WhiteElo "2451"]
[BlackElo "1861"]
[Result "1-0"]
[Round "03"]
[TimeControl "180+2"]
[Date "2023.04.25"]
[WhiteClock "0:00:23"]
[BlackClock "0:00:38"]

1. Nf3 Nf6 2. c4 e6 3. g3 d5 4. d4 Bb4+ 5. Bd2 Be7 6. Bg2 O-O 7. Qc2 c6 8. O-O Nbd7 9. Rd1 b6 10. b3 Bb7 11. Nc3 Rc8 12. e4 dxe4 13. Ne5 c5 14. Bf4 Qe8 15. Nxd7 Nxd7 16. Bxe4 Bxe4 17. Nxe4 cxd4 18. Nd6 Bxd6 19. Bxd6 e5 20. Bxf8 Qxf8 21. Qf5 Rd8 22. Re1 f6 23. Rad1 Nc5 24. h4 a5 25. h5 Qf7 26. g4 Ne6 27. a3 Ng5 28. Kg2 Qb7+ 29. f3 Qc6 30. b4 Ne6 31. Qe4 Nf4+ 32. Kg3 Qxc4 33. Rc1 Qa2 34. Rc2 Qxa3 35. bxa5 Qxa5 36. Rec1 Qd5 37. Rc8 Qd7 38. Qa8 Ne6 39. Rxd8+ Nxd8 40. Rc8 Kf7 41. Rxd8 Qe7 42. Qd5+ 1-0


[Site "https://www.chess.com"]

[Event "Titled Tuesday Blitz April 25 Early 2023"]
[White "Srebrnic, Marko"]
[Black "Rendle, Thomas E"]
[WhiteFideId "14603616"]
[BlackFideId "408760"]
[WhiteElo "2341"]
[BlackElo "2428"]
[Result "0-1"]
[Round "03"]
[TimeControl "180+2"]
[Date "2023.04.25"]
[WhiteClock "0:00:18"]
[BlackClock "0:01:20"]

1. e4 e6 2. d4 d5 3. Nc3 Be7 4. Bd3 c5 5. exd5 cxd4 6. Nb5 e5 7. Qh5 a6 8. d6 Bxd6 9. Nxd6+ Qxd6 10. Nf3 Nc6 11. O-O Nf6 12. Qg5 O-O 13. Re1 Re8 14. Qh4 Nb4 15. Bg5 Nxd3 16. cxd3 Bf5 17. Rad1 Nd5 18. Qg3 f6 19. Nxd4 Bg6 20. Bd2 Nf4 21. Be3 Nxd3 22. Rxd3 Bxd3 23. Bh6 Bg6 24. Nf5 Qb4 25. Rf1 gxh6 26. Nxh6+ Kg7 27. Nf5+ Kh8 28. Nh4 Rg8 29. a3 Qf4 0-1


[Site "https://www.chess.com"]

[Event "Titled Tuesday Blitz April 25 Early 2023"]
[White "Ronka, Erik"]
[Black "Gatterer, Florian"]
[WhiteFideId "505080"]
[BlackFideId "811688"]
[WhiteElo "2264"]
[BlackElo "2221"]
[Result "1/2-1/2"]
[Round "03"]
[TimeControl "180+2"]
[Date "2023.04.25"]
[WhiteClock "0:00:56"]
[BlackClock "0:00:27"]

1. e4 c5 2. Nf3 e6 3. g3 d5 4. exd5 exd5 5. d4 Nf6 6. Bg2 Be7 7. O-O O-O 8. Nc3 Nc6 9. h3 h6 10. Be3 cxd4 11. Nxd4 Bb4 12. Nce2 Re8 13. Nf4 Ne5 14. c3 Bf8 15. b3 Nc6 16. Nxc6 bxc6 17. c4 Bb7 18. cxd5 Nxd5 19. Nxd5 cxd5 20. Bd4 Qa5 21. Qg4 Bc8 22. Qf3 Be6 23. a3 Rac8 24. b4 Qa4 25. Qd3 a5 26. bxa5 Qxa5 27. Rac1 Rxc1 28. Rxc1 Qxa3 29. Rc3 Qa4 30. Kh2 Qa8 31. Qf3 Rc8 32. Re3 Qc6 33. Rc3 Qd7 34. Re3 Rc4 35. Rd3 Rc8 36. Rd2 Qc6 37. Qf4 Qd7 38. Re2 Rc4 39. Qe3 Rc8 40. Ra2 Qb5 41. Ra7 Bc5 42. Ra1 Bxd4 43. Qxd4 Qc5 44. Qf4 Qc7 45. Qe3 Qc3 46. Qa7 Qc7 1/2-1/2


[Site "https://www.chess.com"]